 Dungeon Sprint DCSS version 0.23-a0-303-gfcac5de (webtiles) character file.

469004 Kidiri the Naga Blade (level 19, 151/151 HPs)
             Began as a Naga Fighter on Oct 8, 2018.
             Was the Champion of Cheibriados.
             Escaped with the Orb!
             The game lasted 00:35:47 (4323 turns).

Kidiri the Naga Blade (Naga Fighter)                Turns: 4323, Time: 00:35:48

Health: 151/151    AC: 60    Str: 36    XL:     19   Next: 40%
Magic:  28/28      EV: 25    Int: 24    God:    Cheibriados [******]
Gold:   0          SH: 47    Dex: 36    Spells: 25/34 levels left

rFire    + + +     SeeInvis +   a - +9 sword of Zonguldrok {reap}
rCold    + + .     Gourm    .   c - +18 shield of the Gong {rElec rN+ MR+ EV-5}
rNeg     + + .     Faith    .   b - +15 Maxwell's patent armour {-Cast -Tele rElec MR+ rCorr}
rPois    +         Spirit   .   W - +2 helmet "Jaedgh Haloa" {rN+ rCorr}
rElec    +         Reflect  +   B - +2 cloak {MR+}
rCorr    +         Harm     .   G - +3 pair of gauntlets of War {Slay+5}
MR       ++++.     Rnd*Rage +   T - +4 naga barding {rC+} Stlth ++........NoTele +
                                o - brooch of Shielding {Reflect SH+8}
HPRegen  0.35/turn NoCast   +   N - ring "Gankev" {rF+++ EV+2 Str-4 Dex+4 Slay+2}
MPRegen  0.21/turn              J - ring "Tyatexob" {rC+ MR- Str+5 SInv}

@: very slow
A: large, thin skeletal structure 1, see invisible, agile 1, berserk 2, deformed
body, dopey 1, frail 3, low mp 1, poison resistance, slowness 2, slow metabolism
1, spit poison 1, weak 1, subdued magic 1, constrict 1, AC +6
0: Orb of Zot
a: Spit Poison, Bend Time, Temporal Distortion, Slouch, Step From Time, Renounce
Religion


You escaped.
You worshipped Cheibriados.
Cheibriados was exalted by your worship.
You were not hungry.

You visited 1 branch

Inventory:

Hand Weapons
 a - the +9 sword of Zonguldrok (weapon) {reap}
   (You found it in the Dungeon)

   If a monster killed with it leaves a corpse in good enough shape, the corpse
   will be animated as a zombie friendly to the killer.
Armour
 b - the +15 Maxwell's patent armour (worn) {-Cast -Tele rElec MR+ rCorr}
   (You found it in the Dungeon)

   It insulates you from electricity.
   It affects your resistance to hostile enchantments.
   It prevents spellcasting.
   It prevents most forms of teleportation.
   It provides partial protection from all sources of acid and corrosion.
 c - the +18 shield of the Gong (worn) {rElec rN+ MR+ EV-5}
   (You found it in the Dungeon)

   It affects your evasion (-5).
   It insulates you from electricity.
   It protects you from negative energy.
   It affects your resistance to hostile enchantments.
 B - a +2 cloak of magic resistance (worn)
 G - the +3 pair of gauntlets of War (worn) {Slay+5}
   (You found it in the Dungeon)

   It affects your accuracy and damage with ranged weapons and melee attacks
   (+5).
 T - a +4 naga barding of cold resistance (worn)
 W - the +2 helmet "Jaedgh Haloa" (worn) {rN+ rCorr}
   (You found it in the Dungeon)

   It protects you from negative energy.
   It provides partial protection from all sources of acid and corrosion.
Jewellery
 j - the ring "Cuxyozaq" {Ice Str+5 Int+6}
   (You found it in the Dungeon)

   [ring of ice]

   It enhances your ice magic.
   It affects your strength (+5).
   It affects your intelligence (+6).
   It makes you vulnerable to fire.
   It protects you from cold.
 o - the brooch of Shielding (around neck) {Reflect SH+8}
   (You found it in the Dungeon)

   [amulet of reflection]

   It shields you and reflects attacks.
   It affects your SH (+8).
 x - the ring "Pinkeyga" {rF+ rN+ MR- Str+4 Stlth+}
   (You took it off a naga mage in the Dungeon)

   [ring of stealth]

   It affects your strength (+4).
   It protects you from fire.
   It protects you from negative energy.
   It affects your resistance to hostile enchantments.
   It makes you more stealthy.
 z - the ring of Nyukor {rF+ MR+ Stlth-}
   (You found it in the Dungeon)

   [ring of attention]

   It protects you from fire.
   It affects your resistance to hostile enchantments.
   It makes you less stealthy.
 F - the ring of Ratann {MP+9 Str+4}
   (You found it in the Dungeon)

   [ring of magical power]

   It affects your strength (+4).
   It affects your magic capacity (+9).
 I - the ring of Phasing {EV+8}
   (You found it in the Dungeon)

   [ring of evasion]

   It affects your evasion (+8).
 J - the ring "Tyatexob" (right hand) {rC+ MR- Str+5 SInv}
   (You took it off a balrug in the Dungeon)

   [ring of protection from cold]

   It affects your strength (+5).
   It protects you from cold.
   It affects your resistance to hostile enchantments.
   It lets you see invisible.
 L - the ring "Roilel" {Fire SInv}
   (You took it off a spriggan air mage in the Dungeon)

   [ring of fire]

   It enhances your fire magic.
   It protects you from fire.
   It makes you vulnerable to cold.
   It lets you see invisible.
 M - the ring of Ocwujat {+Fly rElec Stlth+}
   (You found it in the Dungeon)

   [ring of flight]

   It insulates you from electricity.
   It lets you fly.
   It makes you more stealthy.
 N - the ring "Gankev" (left hand) {rF+++ EV+2 Str-4 Dex+4 Slay+2}
   (You found it in the Dungeon)

   [ring of evasion]

   It affects your evasion (+2).
   It affects your strength (-4).
   It affects your dexterity (+4).
   It affects your accuracy and damage with ranged weapons and melee attacks
   (+2).
   It renders you almost immune to fire.
 O - the ring "Pafuor Jiqew" {rC+ Int+7 Dex+4}
   (You found it in the Dungeon)

   [ring of dexterity]

   It affects your intelligence (+7).
   It affects your dexterity (+4).
   It protects you from cold.
 Q - the ring of Xaikil {Str+5 Dex+6}
   (You found it in the Dungeon)

   [ring of strength]

   It affects your strength (+5).
   It affects your dexterity (+6).
 R - the ring "Wezilof" {+Fly rElec rPois rN+}
   (You found it in the Dungeon)

   [ring of flight]

   It insulates you from electricity.
   It protects you from poison.
   It protects you from negative energy.
   It lets you fly.
 S - the ring "Docic" {rElec Stlth+}
   (You found it in the Dungeon)

   [ring of stealth]

   It insulates you from electricity.
   It makes you more stealthy.
 V - the ring "Vozxufoc" {rPois Str+6 Dex+3 Stlth-}
   (You found it in the Dungeon)

   [ring of dexterity]

   It affects your strength (+6).
   It affects your dexterity (+3).
   It protects you from poison.
   It makes you less stealthy.
Wands
 C - a wand of disintegration (7)
 D - a wand of iceblast (7)
 E - a wand of acid (7)
Scrolls
 k - 4 scrolls of blinking
 q - 4 scrolls of amnesia
 r - 7 scrolls of fog
 s - a scroll of holy word
 t - 5 scrolls of identify
 u - 4 scrolls of remove curse
 v - 2 scrolls of fear
 y - 2 scrolls of brand weapon
 P - 12 scrolls of enchant armour
Potions
 d - 8 potions of might
 e - 10 potions of curing
 g - 3 potions of heal wounds
 i - 3 potions of magic
 l - 2 potions of brilliance
 m - 2 potions of invisibility
 n - 4 potions of resistance
 p - 6 potions of agility
Comestibles
 f - 3 rations


   Skills:
 * Level 23.9 Fighting
 * Level 25.0 Long Blades
 * Level 20.9 Armour
 * Level 21.8 Dodging
 + Level 24.1 Stealth
 * Level 22.7 Shields
 - Level 8.1 Spellcasting
 - Level 8.9 Conjurations
 - Level 7.8 Ice Magic
 - Level 9.0 Air Magic
 - Level 11.2 Poison Magic
 - Level 15.7 Invocations
 + Level 17.0 Evocations


You had 25 spell levels left.
You knew the following spells:

 Your Spells              Type           Power        Failure   Level  Hunger
a - Mephitic Cloud        Conj/Pois/Air  #####...     1%          3    None
b - Freezing Cloud        Conj/Ice/Air   #####.....   61%         6    ######.

Your spell library contained the following spells:

 Spells                   Type           Power        Failure   Level  Hunger
 Shock                    Conj/Air       ####         1%          1    None
 Poisonous Vapours        Pois/Air       #####.       1%          2    None
 Static Discharge         Conj/Air       #####...     1%          3    None
 Flame Tongue             Conj/Fire      ###..        2%          1    None
 Swiftness                Chrm/Air       ###.....     3%          2    None
 Throw Flame              Conj/Fire      ###...       3%          2    None
 Airstrike                Air            #####.....   3%          4    ##.....
 Conjure Flame            Conj/Fire      ###.....     8%          3    None
 Lightning Bolt           Conj/Air       #####.....   12%         5    #####..
 Apportation              Tloc           #.....       17%         1    None
 Summon Butterflies       Summ           #.......     17%         1    None
 Passwall                 Tmut/Erth      #.......     26%         2    None
 Sublimation of Blood     Necr           #.........   26%         2    None
 Summon Lightning Spire   Summ/Air       ###.....     26%         4    ##.....
 Sticky Flame             Conj/Fire      ###.....     28%         4    ##.....
 Ice Form                 Ice/Tmut       ###.....     32%         4    ##.....
 Poison Arrow             Conj/Pois      #####.....   38%         6    ######.
 Alistair's Intoxication  Tmut/Pois      ####....     43%         5    #####..
 Inner Flame              Hex/Fire       #.......     47%         3    None
 Lesser Beckoning         Tloc           #.........   47%         3    None
 Tukima's Dance           Hex            #.......     47%         3    None
 Vampiric Draining        Necr           #.........   47%         3    None
 Conjure Ball Lightning   Conj/Air       #####.....   54%         6    ######.
 Fireball                 Conj/Fire      ###.......   61%         5    #####..
 Irradiate                Conj/Tmut      ###.......   61%         5    #####..
 Bolt of Cold             Conj/Ice       #####.....   65%         6    ######.
 Metabolic Englaciation   Hex/Ice        ###.......   69%         5    #####..
 Ozocubu's Refrigeration  Ice            #####.....   73%         6    ######.
 Cause Fear               Hex            #.........   87%         4    ##.....
 Bolt of Fire             Conj/Fire      ###.......   99%         6    ######.
 Simulacrum               Ice/Necr       ###.......   99%         6    ######.
 Hydra Form               Tmut           #.........   100%        6    ######.
 Invisibility             Hex            #.......     100%        6    ######.
 Statue Form              Tmut/Erth      #........    100%        6    ######.
 Dragon Form              Tmut           #.........   100%        7    #######
 Chain Lightning          Conj/Air       #####.....   100%        8    #######
 Lehudib's Crystal Spear  Conj/Erth      ###.......   100%        8    #######
 Dragon's Call            Summ           #.........   100%        9    #######
 Fire Storm               Conj/Fire      ###.......   100%        9    #######
 Glaciate                 Conj/Ice       #####.....   100%        9    #######


Dungeon Overview and Level Annotations

Branches:
Dungeon (1/1)

Altars:
Ashenzari
Cheibriados
Dithmenos
Elyvilon
Fedhas
Gozag
Hepliaklqana
Kikubaaqudgha
Makhleb
Nemelex Xobeh
Okawaru
Qazlal
Ru
Sif Muna
Trog
Uskayaw
Vehumet
Wu Jian
Xom
Yredelemnul
Zin
The Shining One
Beogh
Jiyva
Lugonu


Innate Abilities, Weirdness & Mutations

You cannot wear boots.
Your serpentine skin is tough. (AC +6)
You have supernaturally acute eyesight. (SInv)
Armour fits poorly on your strangely shaped body.
Your system is resistant to poisons. (rPois)
You cover ground very slowly.
You have a slow metabolism.
You can spit poison.
You can use your snake-like lower body to constrict enemies.
You have a somewhat thin skeletal structure. (Dex +2, Stealth)
You are agile. (Dex +2)
You often lose your temper in combat.
You are dopey. (Int -2)
You are extremely frail. (-30% HP)
Your magical capacity is low. (-10% MP)
You are weak. (Str -2)
Your spells are a little easier to cast, but a little less powerful.


Message History

Partly explored, unvisited transporter.
Partly explored, unvisited transporter.
Partly explored, unvisited transporter.
Partly explored, unvisited transporter.
Sorry, I don't know how to get there.
You see here a +2 shortbow of freezing.
There is a transporter here.
An exit appears before you!
You enter the transporter and appear at another place.
Found the Orb of Zot.
Found a staircase leading out of the dungeon.
Unknown command.
You see here the Orb of Zot.
You pick up the Orb of Zot!
The Orb lets out a hideous shriek!
The lords of Pandemonium are not amused.
Beware!
Cheibriados tells them not to hurry.
Now all you have to do is get back out of the dungeon!
Unknown command.
There is a staircase leading out of the dungeon here.
You have escaped!

...).)).....▓..▓.......▓..▓...8©8
..))))).....▓.▓.▓.....▓.▓.▓..!}).
)).)))......▓..▓.......▓..▓..)))|
.)))))).....▓.............▓......
..).).......▓......©......▓......
..).........▓▓▓▓▓▓▓▓▓▓▓▓▓▓▓....).
▓.......▓...▓8888888888888▓..|...
▓▓.....▓▓▓..▓8...........8▓......
▓.......▓...▓8..@.....©..8▓.▓....
............▓8...........8▓....©.
....©.......▓8888888888888▓▓▓▓▓▓▓
▓▓▓▓▓▓▓▓▓▓▓▓▓▓▓▓▓▓▓▓▓▓▓▓▓▓▓▓▓▓▓▓▓
.....8©8........▓........8©8.....
}.)[|[[[[."}):}.▓.||)|}|.|.)))|:)
):[))[[:):[):||.▓.}}):})|[|.}[||}
?)|}})|:}..).))=▓..::)[[})=[)}|))
................▓.......=))):....


There were no monsters in sight!

Vanquished Creatures
  A shard shrike (shapeshifter) (D)
  A doom hound (D)
  2 titans (D)
  A quicksilver dragon (shapeshifter) (D)
  15 acid blobs (D)
  A sphinx (shapeshifter) (D)
  6 shadow dragons (D)
  4 azure jellies (D)
  6 storm dragons (D)
  6 fire giants (D)
  A draconian monk (D)
  A fire giant (shapeshifter) (D)
  2 draconian scorchers (D)
  10 nagarajas (D)
  3 draconian knights (D)
  7 balrugs (D)
  5 ghouls (D)
  A draconian shifter (D)
  2 orc warlords (D)
  5 stone giants (D)
  A ghost moth (shapeshifter) (D)
  3 very ugly things (D)
  4 reapers (D)
  3 white draconians (D)
  7 black draconians (D)
  4 green draconians (D)
  2 purple draconians (D)
  5 yellow draconians (D)
  A red draconian (D)
  A dire elephant (D)
  17 death oozes (D)
  5 fire dragons (D)
  6 blizzard demons (D)
  4 ice dragons (D)
  6 great orbs of eyes (D)
  A hydra (D)
  5 spriggan air magi (D)
  5 naga warriors (D)
  A shambling mangrove (D)
  A catoblepas (shapeshifter) (D)
  4 anacondas (D)
  A satyr (shapeshifter) (D)
  3 hell hogs (D)
  An orc high priest (D)
  2 spriggan berserkers (D)
  11 soul eaters (D)
  3 skeletal warriors (D)
  2 sea snakes (shapeshifter) (D)
  4 glowing orange brains (D)
  A shadow demon (D)
  A deep troll (shapeshifter) (D)
  3 swamp dragons (D)
  2 harpies (shapeshifter) (D)
  A lindwurm (shapeshifter) (D)
  2 wolf spiders (D)
  An orb spider (shapeshifter) (D)
  3 orc knights (D)
  A shining eye (shapeshifter) (D)
  3 wolf spiders (shapeshifter) (D)
  3 orc sorcerers (D)
  2 moths of wrath (D)
  A manticore (shapeshifter) (D)
  A salamander (shapeshifter) (D)
  A faun (shapeshifter) (D)
  3 moths of wrath (shapeshifter) (D)
  3 ugly things (D)
  7 shining eyes (D)
  5 black mambas (D)
  3 rust devils (D)
  An eye of devastation (shapeshifter) (D)
  2 guardian serpents (D)
  2 guardian serpents (shapeshifter) (D)
  2 water nymphs (shapeshifter) (D)
  8 naga magi (D)
  5 eyes of devastation (D)
  A spiny frog (D)
  3 hellions (D)
  3 rime drakes (D)
  6 tormentors (D)
  3 efreet (D)
  2 freezing wraiths (D)
  2 ice devils (D)
  2 red devils (D)
  2 jumping spiders (shapeshifter) (D)
  4 meliai (shapeshifter) (D)
  A queen bee (shapeshifter) (D)
  3 polar bears (D)
  A troll (shapeshifter) (D)
  3 wind drakes (D)
  A jumping spider (D)
  A polar bear (shapeshifter) (D)
  3 trolls (D)
  3 hornets (D)
  A wind drake (shapeshifter) (D)
  A tyrant leech (shapeshifter) (D)
  19 slime creatures (D)
  A hornet (shapeshifter) (D)
  A blink frog (shapeshifter) (D)
  A dream sheep (shapeshifter) (D)
  3 flying skulls (D)
  A redback (D)
  A wraith (D)
  6 air elementals (D)
  2 tarantellas (shapeshifter) (D)
  A wyvern (shapeshifter) (D)
  3 redbacks (shapeshifter) (D)
  2 shadows (D)
  6 fire elementals (D)
  3 yaks (D)
  2 hogs (shapeshifter) (D)
  A basilisk (D)
  2 humans (shapeshifter) (D)
  2 wyverns (D)
  6 golden eyes (D)
  5 neqoxecs (D)
  An insubstantial wisp (D)
  3 nagas (D)
  4 acid dragons (D)
  2 swamp worms (shapeshifter) (D)
  An acid dragon (shapeshifter) (D)
  2 wargs (D)
  A floating eye (D)
  A porcupine (D)
  5 water moccasins (D)
  2 floating eyes (shapeshifter) (D)
  10 hell hounds (D)
  An ice beast (D)
  A black bear (shapeshifter) (D)
  2 necrophages (D)
  2 swamp drakes (D)
  7 orc warriors (D)
  An eye of draining (shapeshifter) (D)
  A tengu (shapeshifter) (D)
  3 ogres (D)
  3 phantoms (D)
  A crocodile (shapeshifter) (D)
  A big kobold (shapeshifter) (D)
  2 bullfrogs (shapeshifter) (D)
  2 scorpions (D)
  2 wights (D)
  An electric eel (shapeshifter) (D)
  A quasit (D)
  An iron imp (D)
  2 orc wizards (D)
  An orc priest (D)
  3 jellies (D)
  An iguana (shapeshifter) (D)
  An iguana (D)
  A worker ant (shapeshifter) (D)
  3 mummies (D)
  8 adders (D)
  2 white imps (D)
  5 oozes (D)
  6 adder zombies (D)
  7 adder skeletons (D)
  A dart slug (shapeshifter) (D)
  An orc (D)
  8 bat skeletons (D)
  4 bat zombies (D)
  2 ball python skeletons (D)
  A ball python zombie (D)
  2 giant cockroach zombies (D)
  2 jackal skeletons (D)
  5 jackal zombies (D)
  2 leopard gecko skeletons (D)
  A leopard gecko zombie (D)
  3 quokka skeletons (D)
  4 quokka zombies (D)
  4 fire vortices (D)
518 creatures vanquished.

Vanquished Creatures (collateral kills)
  A reaper (D)
  An orc knight (D)
  A phantom (D)
  An adder (D)
  2 adder zombies (D)
  A bat skeleton (D)
  A leopard gecko skeleton (D)
  A fire vortex (D)
9 creatures vanquished.

Vanquished Creatures (others)
  A frost giant (D)
  A fire giant (D)
  A wind drake (D)
  2 insubstantial wisps (D)
  A bat skeleton (D)
  A bat zombie (D)
7 creatures vanquished.

Grand Total: 534 creatures vanquished

Notes
Turn   | Place    | Note
-------+----------+-------------------------------------------
     0 | D        | Found the +6 Majin-Bo {vamp, Archmagi MP+6 Int+6}
     0 | D        | Found the +7 great mace "Firestarter" {inner flame, rF++}
     0 | D        | Kidiri the Naga Fighter began the quest for the Orb.
     0 | D        | Reached XP level 1. HP: 21/21 MP: 1/1
     0 | D        | Found a deep blue altar of Sif Muna.
     0 | D        | Found a bloodstained altar of Trog.
     0 | D        | Found a sacrificial altar of Ru.
     0 | D        | Found a stormy altar of Qazlal.
     0 | D        | Found an iron altar of Okawaru.
     1 | D        | Found a sparkling altar of Nemelex Xobeh.
     1 | D        | Found a blossoming altar of Fedhas.
     3 | D        | Found a transporter.
     3 | D        | Found an ancient bone altar of Kikubaaqudgha.
     3 | D        | Found a viscous altar of Jiyva.
     3 | D        | Found a corrupted altar of Lugonu.
     3 | D        | Found a hazy altar of Hepliaklqana.
     3 | D        | Found a burning altar of Makhleb.
     3 | D        | Found an opulent altar of Gozag.
    35 | D        | Found the +9 heavy crossbow "Sniper" {velocity, Acc+∞ SInv}
    35 | D        | Found the +10 dark maul {crush}
    35 | D        | Found the +15 Maxwell's patent armour {-Cast -Tele rElec
                  | MR+ rCorr}
    35 | D        | Found the +18 shield of the Gong {rElec rN+ MR+ EV-5}
    35 | D        | Found the cursed +14 obsidian axe {chop, +Fly SInv *Curse}
    36 | D        | Found the +6 shillelagh "Devastator" {shatter}
    36 | D        | Found the +11 plutonium sword {*Contam Stlth-}
    36 | D        | Found the +8 lance "Wyrmbane" {slay drac, rPois rF+ rC+
                  | AC+3}
    36 | D        | Found the +9 sword of Zonguldrok {reap}
    36 | D        | Found the cursed +13 scythe of Curses {drain, *Curse}
    36 | D        | Found the +0 sword of Power
    36 | D        | Found the +7 mace of Variability {chain chaos}
    36 | D        | Found the +7 Singing Sword {slice, sonic wave}
    36 | D        | Found the +7 longbow "Piercer" {penet, EV-2}
    65 | D        | Became a worshipper of Cheibriados the Contemplative
    72 | D        | Reached skill level 3 in Long Blades
    72 | D        | Reached XP level 2. HP: 31/31 MP: 2/2
    87 | D        | Entered arena 2.
    87 | D        | Noticed a phantom
    87 | D        | Found a transporter.
   100 | D        | Killed a phantom
   100 | D        | Reached * piety under Cheibriados
   100 | D        | Reached skill level 5 in Fighting
   100 | D        | Reached skill level 4 in Long Blades
   100 | D        | Reached XP level 3. HP: 39/39 MP: 3/3
   100 | D        | Reached XP level 4. HP: 46/46 MP: 4/4
   114 | D        | Entered arena 3.
   114 | D        | Found a transporter.
   118 | D        | Reached skill level 5 in Long Blades
   118 | D        | Reached XP level 5. HP: 54/54 MP: 5/5
   120 | D        | Reached ** piety under Cheibriados
   194 | D        | Entered arena 4.
   194 | D        | Noticed a big kobold
   194 | D        | Noticed an orb spider
   194 | D        | Noticed a blink frog
   194 | D        | Noticed a wyvern
   194 | D        | Found a transporter.
   196 | D        | Killed a wyvern
   196 | D        | Reached skill level 6 in Long Blades
   196 | D        | Reached skill level 5 in Armour
   196 | D        | Reached skill level 5 in Shields
   196 | D        | Reached XP level 6. HP: 55/63 MP: 6/6
   197 | D        | Noticed a human
   197 | D        | a big kobold changed into a human
   201 | D        | Killed a human
   201 | D        | Reached skill level 5 in Dodging
   201 | D        | Noticed a wyvern
   201 | D        | a blink frog changed into a wyvern
   202 | D        | a wyvern changed into a bullfrog
   204 | D        | Reached *** piety under Cheibriados
   204 | D        | Reached skill level 7 in Long Blades
   204 | D        | Reached XP level 7. HP: 65/72 MP: 7/7
   210 | D        | Killed an orb spider
   210 | D        | Reached skill level 8 in Long Blades
   210 | D        | Reached XP level 8. HP: 77/82 MP: 8/8
   230 | D        | Entered arena 5.
   230 | D        | Found a transporter.
   232 | D        | Reached **** piety under Cheibriados
   236 | D        | Reached ***** piety under Cheibriados
   303 | D        | Entered arena 6.
   303 | D        | Found a transporter.
   334 | D        | Entered arena 7.
   334 | D        | Noticed a redback
   334 | D        | Noticed a wolf spider
   334 | D        | Noticed a wolf spider
   334 | D        | Noticed a jumping spider
   335 | D        | Found the ring of Shadows {Umbra +Inv Stlth+}
   335 | D        | Found a transporter.
   339 | D        | Killed a wolf spider
   339 | D        | Reached ****** piety under Cheibriados
   348 | D        | Killed a redback
   348 | D        | Reached skill level 9 in Long Blades
   352 | D        | Reached XP level 9. HP: 39/92 MP: 9/9
   354 | D        | Killed a wolf spider
   356 | D        | Killed a jumping spider
   675 | D        | Entered arena 8.
   675 | D        | Noticed a spiny frog
   676 | D        | Found a transporter.
   679 | D        | Reached skill level 10 in Fighting
   681 | D        | Reached skill level 1 in Stealth
   681 | D        | Reached skill level 1 in Invocations
   684 | D        | Killed a spiny frog
   684 | D        | Reached skill level 10 in Long Blades
   684 | D        | Reached skill level 1 in Evocations
   702 | D        | Entered arena 9.
   702 | D        | Noticed a red ugly thing
   702 | D        | Noticed a brown ugly thing
   702 | D        | Noticed a salamander
   702 | D        | Gained mutation: You are agile. (Dex +2) [a neqoxec]
   703 | D        | Found the amulet of the Air {Inacc +Fly rElec EV+5 RMsl}
   703 | D        | Found a transporter.
   706 | D        | Noticed a queen bee
   706 | D        | a salamander changed into a queen bee
   708 | D        | Reached XP level 10. HP: 103/103 MP: 11/11
   719 | D        | Killed a red ugly thing
   723 | D        | Killed a red ugly thing
   952 | D        | Entered arena 10.
   953 | D        | Found the ring of Phasing {EV+8}
   953 | D        | Found a transporter.
   960 | D        | Reached skill level 5 in Stealth
   970 | D        | Got the Handbook of the Birds
   982 | D        | Entered arena 11.
   983 | D        | Found a transporter.
  1015 | D        | Learned a level 3 spell: Mephitic Cloud
  1015 | D        | Entered arena 12.
  1015 | D        | Noticed a spriggan berserker
  1015 | D        | Noticed a spriggan berserker
  1015 | D        | Noticed a spriggan air mage
  1015 | D        | Noticed an anaconda
  1015 | D        | Noticed a dire elephant
  1015 | D        | Noticed a spriggan air mage
  1016 | D        | Noticed a shambling mangrove
  1016 | D        | Noticed a spriggan air mage
  1016 | D        | Noticed a spriggan air mage
  1027 | D        | Killed a spriggan berserker
  1027 | D        | Reached skill level 11 in Long Blades
  1027 | D        | Reached skill level 1 in Spellcasting
  1027 | D        | Reached skill level 1 in Air Magic
  1027 | D        | Reached skill level 1 in Poison Magic
  1027 | D        | Killed an anaconda
  1027 | D        | Reached skill level 1 in Conjurations
  1027 | D        | Killed a spriggan air mage
  1027 | D        | Reached XP level 11. HP: 48/111 MP: 12/14
  1027 | D        | Killed a spriggan berserker
  1027 | D        | Killed a spriggan air mage
  1027 | D        | Reached skill level 10 in Armour
  1027 | D        | Reached skill level 10 in Shields
  1027 | D        | Killed a spriggan air mage
  1027 | D        | Killed a spriggan air mage
  1027 | D        | Reached skill level 5 in Invocations
  1036 | D        | Killed a shambling mangrove
  1043 | D        | Killed a dire elephant
  1043 | D        | Reached skill level 12 in Long Blades
  1043 | D        | Reached skill level 10 in Dodging
  1043 | D        | Reached skill level 5 in Evocations
  1063 | D        | Found a transporter.
  1064 | D        | Got the ring "Roilel" {Fire SInv}
  1077 | D        | Got Sif Muna's Reference Book on Shifting Dark Magic
  1296 | D        | Learned a level 6 spell: Freezing Cloud
  1297 | D        | Entered arena 13.
  1297 | D        | Noticed a reaper
  1299 | D        | Found a transporter.
  1304 | D        | Reached skill level 5 in Poison Magic
  1304 | D        | Reached skill level 1 in Ice Magic
  1304 | D        | Reached XP level 12. HP: 123/123 MP: 11/17
  1308 | D        | Killed a reaper
  1357 | D        | Entered arena 14.
  1362 | D        | Found a transporter.
  1381 | D        | Got the ring of Ocwujat {+Fly rElec Stlth+}
  1383 | D        | Got the ring "Gankev" {rF+++ EV+2 Str-4 Dex+4 Slay+2}
  1392 | D        | Entered arena 15.
  1393 | D        | Noticed a red very ugly thing
  1393 | D        | Noticed a purple very ugly thing
  1393 | D        | Noticed a two-headed ogre
  1393 | D        | Noticed a green very ugly thing
  1397 | D        | Found a transporter.
  1397 | D        | a two-headed ogre changed into an eye of devastation
  1398 | D        | Killed a purple very ugly thing
  1398 | D        | Reached skill level 5 in Air Magic
  1398 | D        | Reached skill level 5 in Conjurations
  1399 | D        | Killed a green very ugly thing
  1399 | D        | Reached skill level 13 in Long Blades
  1401 | D        | Killed a green very ugly thing
  1401 | D        | Reached skill level 10 in Stealth
  1417 | D        | Got the ring "Pafuor Jiqew" {rC+ Int+7 Dex+4}
  1789 | D        | Entered arena 16.
  1790 | D        | Noticed a death ooze
  1790 | D        | Noticed an acid blob
  1790 | D        | Noticed an acid blob
  1791 | D        | Noticed a death ooze
  1792 | D        | Found a transporter.
  1794 | D        | Reached skill level 5 in Spellcasting
  1795 | D        | Killed a death ooze
  1795 | D        | Killed a death ooze
  1795 | D        | Gained mutation: You can use your snake-like lower body to
                  | constrict enemies. [Naga growth]
  1795 | D        | Reached XP level 13. HP: 133/133 MP: 14/20
  1796 | D        | Killed an acid blob
  1796 | D        | Killed an acid blob
  1796 | D        | Gained mutation: You have a somewhat thin skeletal
                  | structure. (Dex +2, Stealth) [a shining eye]
  1797 | D        | Gained mutation: You are weak. (Str -2) [a shining eye]
  1797 | D        | Gained mutation: You are frail. (-10% HP) [a shining eye]
  1844 | D        | Entered arena 17.
  1847 | D        | Noticed a frost giant
  1847 | D        | Noticed a blizzard demon
  1847 | D        | Noticed an ice dragon
  1847 | D        | Noticed a blizzard demon
  1847 | D        | Noticed a blizzard demon
  1847 | D        | Noticed a blizzard demon
  1848 | D        | Noticed a blizzard demon
  1848 | D        | Noticed a blizzard demon
  1849 | D        | Found the +4 robe of Augmentation {Str+4 Int+4 Dex+4}
  1850 | D        | Killed a blizzard demon
  1851 | D        | Killed a blizzard demon
  1851 | D        | Killed a blizzard demon
  1851 | D        | Killed a blizzard demon
  1851 | D        | Reached skill level 5 in Ice Magic
  1851 | D        | Killed a blizzard demon
  1852 | D        | Killed an ice dragon
  1852 | D        | Reached skill level 14 in Long Blades
  1852 | D        | Killed a blizzard demon
  1853 | D        | Found a transporter.
  1854 | D        | Killed a frost giant
  2097 | D        | Entered arena 18.
  2100 | D        | Noticed a fire dragon
  2100 | D        | Noticed an ice dragon
  2101 | D        | Noticed an ice dragon
  2101 | D        | Noticed an ice dragon
  2104 | D        | Reached XP level 14. HP: 130/130 MP: 12/23
  2106 | D        | Found a transporter.
  2127 | D        | Got the ring "Wezilof" {+Fly rElec rPois rN+}
  2130 | D        | Got the ring of Vayng {Int+4 Slay-5 Stlth+}
  2139 | D        | Got the amulet "Dikeapp" {Spirit rF- Dex+6 SInv}
  2279 | D        | Entered arena 19.
  2282 | D        | Noticed an acid blob
  2287 | D        | Reached skill level 15 in Fighting
  2289 | D        | Found a transporter.
  2291 | D        | Killed an acid blob
  2291 | D        | Reached skill level 10 in Poison Magic
  2300 | D        | Got the amulet "Vutaneum" {Spirit rF+ Str+2 Int+2}
  2541 | D        | Entered arena 20.
  2549 | D        | Noticed a titan
  2549 | D        | Noticed a storm dragon
  2549 | D        | Noticed a storm dragon
  2549 | D        | Noticed a storm dragon
  2549 | D        | Noticed a storm dragon
  2550 | D        | Noticed a titan
  2550 | D        | Noticed a storm dragon
  2550 | D        | Noticed a storm dragon
  2551 | D        | Found a transporter.
  2552 | D        | Reached skill level 15 in Long Blades
  2553 | D        | Killed a storm dragon
  2554 | D        | Killed a storm dragon
  2554 | D        | Killed a storm dragon
  2554 | D        | Killed a storm dragon
  2554 | D        | Killed a storm dragon
  2556 | D        | Killed a titan
  2557 | D        | Killed a storm dragon
  2557 | D        | Reached skill level 10 in Invocations
  2562 | D        | Killed a titan
  2562 | D        | Reached XP level 15. HP: 66/140 MP: 2/26
  2587 | D        | Got the cursed ring "Vumpamou" {-Tele *Slow rPois rF+++
                  | Str-2}
  2729 | D        | Entered arena 21.
  2735 | D        | Noticed a balrug
  2736 | D        | Noticed a balrug
  2737 | D        | HP: 3/140 [hellion/damnation (23)]
  2742 | D        | Killed a balrug
  2742 | D        | Killed a balrug
  2744 | D        | Found a transporter.
  2752 | D        | Got the amulet "Goeko" {Acrobat rElec rF+}
  2789 | D        | Got the ring "Cuxyozaq" {Ice Str+5 Int+6}
  2800 | D        | Got a crude naga barding
  2811 | D        | Identified the +0 naga barding of the Little Devil {Stlth+}
                  | (You acquired it in the Dungeon)
  3027 | D        | Entered arena 22.
  3032 | D        | Noticed a black draconian scorcher
  3032 | D        | Noticed a green draconian monk
  3032 | D        | Noticed a red draconian knight
  3032 | D        | Noticed a green draconian knight
  3033 | D        | Found the +8 storm bow {elec}
  3033 | D        | Noticed a yellow draconian shifter
  3033 | D        | Noticed a yellow draconian knight
  3035 | D        | Noticed a green draconian scorcher
  3036 | D        | Killed a black draconian scorcher
  3037 | D        | Killed a green draconian monk
  3037 | D        | Reached skill level 16 in Long Blades
  3037 | D        | Reached skill level 10 in Evocations
  3037 | D        | Reached skill level 15 in Stealth
  3037 | D        | Killed a yellow draconian shifter
  3037 | D        | Killed a green draconian knight
  3037 | D        | Reached skill level 17 in Long Blades
  3038 | D        | Killed a red draconian knight
  3038 | D        | Killed a green draconian scorcher
  3038 | D        | Killed a yellow draconian knight
  3040 | D        | Reached skill level 15 in Armour
  3043 | D        | Reached skill level 15 in Shields
  3043 | D        | Reached XP level 16. HP: 143/152 MP: 3/28
  3049 | D        | Reached skill level 15 in Dodging
  3067 | D        | Found a transporter.
  3138 | D        | Got the +2 helmet "Jaedgh Haloa" {rN+ rCorr}
  3156 | D        | Entered arena 23.
  3177 | D        | Reached skill level 18 in Long Blades
  3223 | D        | Got the ring of Zueku {+Blink rPois MR+ Int+4 Dex+2}
  3244 | D        | Found a transporter.
  3286 | D        | Got the ring of Ratann {MP+9 Str+4}
  3305 | D        | Entered arena 24.
  3319 | D        | Reached skill level 19 in Long Blades
  3321 | D        | Reached XP level 17. HP: 70/164 MP: 8/29
  3330 | D        | Got the ring "Tyatexob" {rC+ MR- Str+5 SInv}
  3339 | D        | Found a transporter.
  3372 | D        | Got the ring "Coejiqod" {Fire rN+ Int+4}
  3496 | D        | Entered arena 25.
  3514 | D        | Reached skill level 20 in Long Blades
  3516 | D        | Found a transporter.
  3553 | D        | Got the ring "Pinkeyga" {rF+ rN+ MR- Str+4 Stlth+}
  3570 | D        | Got the ring "Jatipot" {Int+2 Stlth+}
  3612 | D        | Entered arena 26.
  3612 | D        | Noticed a doom hound
  3625 | D        | Killed a doom hound
  3625 | D        | Reached skill level 15 in Invocations
  3640 | D        | Reached skill level 21 in Long Blades
  3640 | D        | Reached XP level 18. HP: 83/179 MP: 13/30
  3673 | D        | Found the +8 autumn katana {slice, Clar}
  3674 | D        | Found the cursed -5 robe of Misfortune {-Cast *Contam *Tele
                  | *Drain EV-5 Stlth-- *Curse}
  3674 | D        | Found a transporter.
  3696 | D        | Got the ring of Xaikil {Str+5 Dex+6}
  3832 | D        | Entered arena 27.
  3841 | D        | Noticed a juggernaut
  3841 | D        | Noticed a titan
  3842 | D        | Found the +3 pair of gauntlets of War {Slay+5}
  3842 | D        | Noticed a titan
  3842 | D        | Noticed a titan
  3842 | D        | a glowing shapeshifter changed into a titan
  3842 | D        | Noticed a juggernaut
  3842 | D        | a titan changed into a juggernaut
  3842 | D        | Noticed a caustic shrike
  3842 | D        | an acid blob changed into a caustic shrike
  3842 | D        | a caustic shrike changed into an iron dragon
  3843 | D        | Noticed a shard shrike
  3843 | D        | Noticed a juggernaut
  3843 | D        | Noticed a juggernaut
  3843 | D        | Noticed a juggernaut
  3843 | D        | a shard shrike changed into a juggernaut
  3843 | D        | Noticed a shard shrike
  3843 | D        | a juggernaut changed into a shard shrike
  3843 | D        | Noticed a juggernaut
  3843 | D        | a shard shrike changed into a juggernaut
  3843 | D        | Noticed a golden dragon
  3843 | D        | an iron dragon changed into a golden dragon
  3843 | D        | Noticed an iron giant
  3843 | D        | a golden dragon changed into an iron giant
  3843 | D        | Noticed a titan
  3843 | D        | a juggernaut changed into a titan
  3843 | D        | a titan changed into an iron dragon
  3843 | D        | a titan changed into an acid blob
  3843 | D        | Noticed a shard shrike
  3843 | D        | a glowing shapeshifter changed into a shard shrike
  3843 | D        | Noticed a titan
  3843 | D        | a shard shrike changed into a titan
  3843 | D        | Noticed a shard shrike
  3843 | D        | a juggernaut changed into a shard shrike
  3843 | D        | Noticed a juggernaut
  3843 | D        | a shard shrike changed into a juggernaut
  3843 | D        | Noticed a shard shrike
  3843 | D        | a juggernaut changed into a shard shrike
  3843 | D        | Noticed a shard shrike
  3843 | D        | a juggernaut changed into a shard shrike
  3843 | D        | a titan changed into an iron dragon
  3843 | D        | Noticed an iron giant
  3843 | D        | an iron dragon changed into an iron giant
  3843 | D        | an iron giant changed into an iron dragon
  3843 | D        | Noticed a golden dragon
  3843 | D        | an iron dragon changed into a golden dragon
  3844 | D        | Noticed a titan
  3844 | D        | a juggernaut changed into a titan
  3844 | D        | Noticed a juggernaut
  3844 | D        | a titan changed into a juggernaut
  3844 | D        | Noticed a juggernaut
  3844 | D        | a shard shrike changed into a juggernaut
  3845 | D        | Noticed a titan
  3845 | D        | a juggernaut changed into a titan
  3845 | D        | Noticed a golden dragon
  3845 | D        | an iron giant changed into a golden dragon
  3845 | D        | a golden dragon changed into a shadow dragon
  3847 | D        | Killed a shard shrike
  3847 | D        | Noticed a quicksilver dragon
  3847 | D        | a shadow dragon changed into a quicksilver dragon
  3848 | D        | Reached skill level 15 in Evocations
  3848 | D        | a golden dragon changed into an acid blob
  3849 | D        | Killed a quicksilver dragon
  3849 | D        | Noticed a juggernaut
  3849 | D        | a titan changed into a juggernaut
  3849 | D        | Noticed a juggernaut
  3849 | D        | an acid blob changed into a juggernaut
  3849 | D        | Noticed a shard shrike
  3849 | D        | a juggernaut changed into a shard shrike
  3856 | D        | Noticed a juggernaut
  3859 | D        | Noticed a shard shrike
  3859 | D        | a juggernaut changed into a shard shrike
  3859 | D        | Noticed a titan
  3859 | D        | a shard shrike changed into a titan
  3865 | D        | Noticed a caustic shrike
  3865 | D        | a shadow dragon changed into a caustic shrike
  3868 | D        | Reached skill level 22 in Long Blades
  3870 | D        | a caustic shrike changed into an acid blob
  3870 | D        | Gained mutation: Your magical capacity is low. (-10% MP) [a
                  | shining eye]
  3872 | D        | Noticed a caustic shrike
  3872 | D        | a titan changed into a caustic shrike
  3873 | D        | Noticed a juggernaut
  3873 | D        | a caustic shrike changed into a juggernaut
  3876 | D        | Noticed a caustic shrike
  3876 | D        | an acid blob changed into a caustic shrike
  3882 | D        | Noticed a titan
  3882 | D        | a juggernaut changed into a titan
  3882 | D        | a caustic shrike changed into a sphinx
  3883 | D        | Noticed a juggernaut
  3883 | D        | a titan changed into a juggernaut
  3884 | D        | Noticed a golden dragon
  3884 | D        | a juggernaut changed into a golden dragon
  3886 | D        | a golden dragon changed into a sphinx
  3887 | D        | Noticed a juggernaut
  3887 | D        | a sphinx changed into a juggernaut
  3889 | D        | Noticed a shard shrike
  3889 | D        | a juggernaut changed into a shard shrike
  3893 | D        | Noticed a juggernaut
  3893 | D        | a shard shrike changed into a juggernaut
  3894 | D        | Noticed an iron giant
  3894 | D        | a juggernaut changed into an iron giant
  3896 | D        | Noticed a quicksilver dragon
  3896 | D        | an iron giant changed into a quicksilver dragon
  3897 | D        | a quicksilver dragon changed into a sphinx
  3900 | D        | Noticed a quicksilver dragon
  3900 | D        | a sphinx changed into a quicksilver dragon
  3904 | D        | a quicksilver dragon changed into a fire giant
  3923 | D        | Found a transporter.
  4038 | D        | Entered arena 28.
  4049 | D        | Found the +0 pair of fencer's gloves {+Riposte Dex+3}
  4049 | D        | Paralysed by a floating eye for 4 turns
  4053 | D        | Found the brooch of Shielding {Reflect SH+8}
  4055 | D        | Reached skill level 23 in Long Blades
  4055 | D        | Reached XP level 19. HP: 185/191 MP: 16/28
  4055 | D        | Reached skill level 24 in Long Blades
  4056 | D        | Gained mutation: You tend to lose your temper in combat. [a
                  | shining eye]
  4059 | D        | Found a transporter.
  4060 | D        | Gained mutation: You are very frail. (-20% HP) [a shining
                  | eye]
  4061 | D        | Gained mutation: Your spells are a little easier to cast,
                  | but a little less powerful. [a shining eye]
  4065 | D        | Gained mutation: You are dopey. (Int -2) [a shining eye]
  4066 | D        | Gained mutation: You are extremely frail. (-30% HP) [a
                  | shining eye]
  4072 | D        | Gained mutation: You often lose your temper in combat. [a
                  | shining eye]
  4074 | D        | Reached skill level 25 in Long Blades
  4205 | D        | Got the ring of Nyukor {rF+ MR+ Stlth-}
  4219 | D        | Got the ring "Docic" {rElec Stlth+}
  4226 | D        | Got the ring "Vozxufoc" {rPois Str+6 Dex+3 Stlth-}
  4318 | D        | Got the Orb of Zot
  4323 | D        | Escaped with the Orb!

Vault maps used:
D:        sprint_v

Skill      XL: |  1  2  3  4  5  6  7  8  9 10 11 12 13 14 15 16 17 18 19 |
---------------+----------------------------------------------------------+-----
Fighting       | 4 5 6 7 8 9 10 11 12 13 14 15 17 19 21 23 | 23.9
Long Blades    | 3 4 5 6 7 8 9 10 11 12 13 14 15 17 19 21 23 25 | 25.0
Armour         | 3 4 5 6 7 8 9 10 11 12 13 15 16 18 20 | 20.9
Dodging        | 2 3 4 5 6 7 8 9 10 11 12 13 14 16 18 21 | 21.8
Shields        | 3 4 5 6 7 8 9 10 11 12 13 15 16 18 21 22 | 22.7
Stealth        | 3 6 8 10 12 13 16 18 20 23 24 | 24.1
Invocations    | 2 4 5 7 8 10 11 13 15 | 15.7
Evocations     | 2 3 5 6 7 9 11 12 14 16 17 | 17.0
Spellcasting   | 2 3 5 6 7 8 |  8.1
Air Magic      | 2 4 5 7 8 9 |  9.0
Poison Magic   | 2 5 7 9 10 11 | 11.2
Conjurations   | 1 4 5 7 8 |  8.9
Ice Magic      | 1 3 5 7 |  7.8

Action                   |  1- 3 |  4- 6 |  7- 9 | 10-12 | 13-15 | 16-18 | 19-21 || total
-------------------------+-------+-------+-------+-------+-------+-------+-------++-------
Melee: Double sword      |    10 |    13 |    53 |    76 |    25 |   138 |    15 ||   330
       Constrict         |       |       |       |       |     3 |    31 |     5 ||    39
Invok: Slouch            |       |       |       |    11 |    24 |    30 |     3 ||    68
       Step From Time    |       |       |       |       |       |     1 |       ||     1
  Use: Potion            |     1 |       |       |     4 |     3 |     4 |       ||    12
       Scroll            |       |       |       |       |     4 |     3 |       ||     7
 Stab: Distracted        |       |       |     1 |       |     1 |       |       ||     2
       Sleeping          |       |       |       |       |       |     1 |       ||     1
       Petrified         |       |       |       |       |       |     3 |       ||     3
       Petrifying        |       |       |       |       |       |     1 |       ||     1
  Eat: Chunk             |       |       |     2 |       |     1 |     2 |       ||     5
       Ration            |       |       |       |     1 |     1 |     2 |       ||     4
Armor: Plate armour      |     2 |     3 |    36 |    41 |    26 |   120 |     3 ||   231
Dodge: Dodged            |       |       |    26 |   115 |    36 |   166 |    19 ||   362
       Deflected         |       |       |       |       |     3 |       |       ||     3
Block: Shield            |    11 |    20 |   129 |   257 |    55 |   411 |    38 ||   921
       Rpst.: Double sword |       |       |     7 |    35 |     2 |    23 |     5 ||    72

Table legend:
 A = Non-vault XP
 B = Vault XP
 C = Vault XP percentage of total XP
 D = Non-vault monster count
 E = Vault monster count
 F = Vault count percentage of total count
                 A         B        C        D         E       F
            +---------+---------+-------+---------+---------+-------
      Total |    7381 |  342621 |  97.9 |       9 |     515 |  98.3
            +---------+---------+-------+---------+---------+-------
          D |    7381 |  342621 |  97.9 |       9 |     515 |  98.3
            +---------+---------+-------+---------+---------+-------
